 Dungeon Crawl Stone Soup version 0.31.0-32-g396128a36d (webtiles) character file.

Game seed: 18402410176043441266

186 PaiMei the Grave Robber (level 5, -2/38 HPs)
             Began as a Demonspawn Necromancer on Mar 29, 2024.
             Killed by divine providence
             ... invoked by an orc priest
              (15 damage)
             ... on level 7 of the Dungeon.
             The game lasted 00:05:16 (3457 turns).

PaiMei the Grave Robber (Demonspawn Necromancer)    Turns: 3457, Time: 00:05:16

Health: -2/38      AC:  5    Str:  8    XL:     5   Next: 38%
Magic:  0/9        EV: 13    Int: 17    God:
Gold:   158        SH:  5    Dex: 14    Spells: 9/10 levels left

rFire   + . .        c - +0 whip
rCold   . . .        (no shield)
rNeg    . . .        a - +0 robe
rPois   .            l - +0 helmet
rElec   .            (no cloak)
rCorr   .            (no gloves)
SInv    .            (no boots)
Will    .....        j - amulet of reflection
Stlth   ++           f - ring of protection from fire
HPRegen 0.26/turn    (no ring)
MPRegen 0.11/turn

%: reflection
@: no status effects
A: yellow scales 1, demonic guardian 1, weakness stinger 1
a: no special abilities


You were on level 7 of the Dungeon.
You visited 1 branch of the dungeon, and saw 5 of its levels.

You collected 158 gold pieces.

Inventory:

Hand Weapons
 c - a +0 whip (weapon)
Missiles
 i - a throwing net
Armour
 a - a +0 robe (worn)
 l - a +0 helmet (worn)
 n - a +2 chain mail of cold resistance
Jewellery
 f - a ring of protection from fire (left hand)
 j - an amulet of reflection (around neck)
Wands
 x - a wand of mindburst (12)
Scrolls
 d - 3 scrolls of fear {unknown}
 g - 2 scrolls of identify {unknown}
 h - a scroll of vulnerability {unknown}
 m - a scroll of amnesia {unknown}
 o - a scroll of fog {unknown}
 q - a scroll of enchant armour {unknown}
 s - a scroll of poison {unknown}
 t - a scroll of blinking {unknown}
 u - a scroll of teleportation {unknown}
 v - a scroll of enchant weapon {unknown}
 y - a scroll of noise {unknown}
Potions
 b - a potion of magic
 e - 2 potions of might {unknown}
 k - a potion of curing {unknown}
 p - a potion of heal wounds {unknown}
 r - 2 potions of brilliance {unknown}
 w - a potion of haste {unknown}


   Skills:
 + Level 2.1 Fighting
 + Level 3.0 Dodging
 - Level 2.0 Stealth
 + Level 3.0 Spellcasting
 + Level 5.3 Necromancy


You had 9 spell levels left.
You knew the following spells:

 Your Spells              Type           Power      Damage    Failure   Level
a - Necrotise             Necr           80%        1d8       1%          1

Your spell library contained the following spells:

 Spells                   Type           Power      Damage    Failure   Level
 Vampiric Draining        Necr           20%        2d7       6%          3
 Apportation              Tloc           4%         N/A       17%         1
 Magic Dart               Conj           8%         1d3       17%         1
 Animate Dead             Necr           20%        N/A       21%         4
 Jinxbite                 Hex            4%         N/A       26%         2
 Searing Ray              Conj           4%         2d4       26%         2
 Curse of Agony           Necr           20%        N/A       50%         5
 Fulminant Prism          Conj/Alch      1%         3d5       86%         4
 Alistair's Intoxication  Alch           1%         N/A       99%         5


Dungeon Overview and Level Annotations

Branches:
Dungeon (4/15)
 Temple: D:4-7

Altars:
Dithmenos
Qazlal

Annotations:
D:3 Sigmund


Innate Abilities, Weirdness & Mutations

You are partially covered in yellow scales. (AC +2)
A weak demonic guardian rushes to your aid.
You have a small tail.


Message History

The orc priest writhes in agony!
Your orc skeleton completely misses the orc priest.
The orc priest hits you with a +0 trident.
An orc priest comes into view. It is wielding a +0 hand axe.
Casting: Necrotise (safe; 1% risk of failure)
Confirm with . or Enter, or press ? or * to list all spells.
Aiming: Necrotise (safe; 1% risk of failure)
Press: ? - help, Shift-Dir - straight line, f/p - orc priest
Aim: an orc priest, wielding a +0 trident (severely wounded, ally target, chance to affect: 78%)
The orc priest barely resists.
Your orc skeleton barely misses the orc priest.
You block the orc priest's attack.
Casting: Necrotise (safe; 1% risk of failure)
Confirm with . or Enter, or press ? or * to list all spells.
Aiming: Necrotise (safe; 1% risk of failure)
Press: ? - help, Shift-Dir - straight line, f/p - orc priest
Aim: an orc priest, wielding a +0 trident (severely wounded, ally target, chance to affect: 78%)
The orc priest writhes in agony.
The orc priest casts a cantrip, but nothing happens.
The orc priest looks braver for a moment.
Your orc skeleton hits the orc priest.
Casting: Necrotise (safe; 1% risk of failure)
Confirm with . or Enter, or press ? or * to list all spells.
Aiming: Necrotise (safe; 1% risk of failure)
Press: ? - help, Shift-Dir - straight line, f/p - orc priest
Aim: an orc priest, wielding a +0 trident (almost dead, ally target, chance to affect: 78%)
The orc priest writhes in agony.
You kill the orc priest!
Your Dodging skill increases to level 3!
Your Spellcasting skill increases to level 3!
Casting: Necrotise (safe; 1% risk of failure)
Confirm with . or Enter, or press ? or * to list all spells.
Aiming: Necrotise (safe; 1% risk of failure)
Press: ? - help, Shift-Dir - straight line, f - orc priest
Aim: an orc priest, wielding a +0 hand axe (ally target, chance to affect: 78%)
The orc priest writhes in agony.
Your orc skeleton closely misses the orc priest.
The orc priest mumbles some strange prayers to Beogh against you.
Beogh smites you!
You die...

>.. #.o #.. #o#
#.# #.# #?###
#.o@# ###Z# #Z#
#.# #.######
#......#
#########.#
#....##...#
#.####.##.##.###


You could see an orc priest (ally target) and 2 friendly orc skeletons.

Vanquished Creatures
  A hound (D:4)
  An orc priest (D:7)
  Robin (D:2)
  3 adders
  2 dart slugs (D:3)
  A ribbon worm (D:4)
  10 orcs
  2 endoplasms
  3 giant cockroaches
  6 goblins
  12 hobgoblins
  4 jackals (D:3)
  8 kobolds
  A quokka (D:3)
  3 ball pythons
  2 bats (D:2)
  A frilled lizard (D:1)
  4 rats
65 creatures vanquished.

Vanquished Creatures (collateral kills)
  An orc (D:3)
  2 hobgoblins
  2 goblins (D:2)
5 creatures vanquished.

Grand Total: 70 creatures vanquished

Notes
Turn   | Place    | Note
-------+----------+-------------------------------------------
     0 | D:1      | PaiMei the Demonspawn Necromancer began the quest for the
                  | Orb.
     0 | D:1      | Reached XP level 1. HP: 13/13 MP: 3/3
   125 | D:1      | Gained mutation: A weak demonic guardian rushes to your
                  | aid. [demonic ancestry]
   125 | D:1      | Reached XP level 2. HP: 15/19 MP: 0/5
  1071 | D:2      | Reached XP level 3. HP: 25/25 MP: 2/6
  1196 | D:2      | Reached skill level 1 in Fighting
  1203 | D:2      | Noticed Robin
  1540 | D:2      | Killed Robin
  1541 | D:2      | Gained mutation: You are partially covered in yellow
                  | scales. (AC +2) [demonic ancestry]
  1541 | D:2      | Reached XP level 4. HP: 16/32 MP: 0/7
  2068 | D:3      | Noticed Sigmund
  2316 | D:3      | Reached skill level 5 in Necromancy
  2594 | D:3      | Found a stormy altar of Qazlal.
  2651 | D:3      | Found a shadowy altar of Dithmenos.
  3252 | D:4      | Gained mutation: You have a small tail. [demonic ancestry]
  3252 | D:4      | Reached XP level 5. HP: 32/38 MP: 1/9
  3401 | D:4      | You fall into a shaft and drop 3 floors!
  3457 | D:7      | Killed from afar by an orc priest

Illustrated notes

Levels and vault maps discovered:
D:1:      roderic_octagonal_star, layout_rooms
D:2:      layout_basic, uniq_robin
D:3:      layout_basic, mainiacjoe_overflow_alcove_1,
          mainiacjoe_overflow_24_doors, uniq_sigmund
D:4:      layout_rooms, hangedman_ru_absence, nzn_wu_jian_council_hall,
          minmay_temple_entry_gardened_gates, uniq_crazy_yiuf_cottage
D:7:      layout_basic, lemuel_mausoleum_altar_yredelemnul

Skill      XL: |  1  2  3  4  5 |
---------------+----------------+-----
Stealth        | 2 |  2.0
Dodging        | 2 3 |  3.0
Fighting       | 1 2 |  2.1
Necromancy     | 5 |  5.3
Spellcasting   | 3 |  3.0

Action                     |  1- 3 |  4- 6 || total
---------------------------+-------+-------++-------
  Melee: Whip              |    30 |    38 ||    68
         Punch             |       |     1 ||     1
   Cast: Necrotise         |    64 |    58 ||   122
   Stab: Distracted        |       |     1 ||     1
 Armour: Robe              |    23 |    36 ||    59
  Dodge: Dodged            |    23 |    29 ||    52
  Block: Other             |     7 |    17 ||    24
         Reflection        |       |     2 ||     2
